 Dungeon Crawl Stone Soup version 0.26.1-2-gb8aa6d0cf2 (webtiles) character file.

Game seed: 8349038141500831364

43 DearestLeader the Magician (level 3, -3/31 HPs)
             Began as a Gnoll Wanderer on Mar 12, 2021.
             Slain by a goblin
             ... wielding a +0 dagger
             ... led by Robin
              (5 damage)
             ... on level 2 of the Dungeon.
             The game lasted 00:04:31 (2051 turns).

DearestLeader the Magician (Gnoll Wanderer)         Turns: 2051, Time: 00:04:32

Health: -3/31      AC:  4    Str: 15    XL:     3   Next: 58%
Magic:  8/9        EV: 12    Int: 12    God:
Gold:   51         SH:  0    Dex: 16    Spells: 10/12 levels left

rFire    . . .     SeeInvis .   i - +0 whip (drain)
rCold    . . .     Faith    .   (no shield)
rNeg     . . .     Spirit   .   e - +0 robe
rPois    .         Reflect  .   (no helmet)
rElec    .         Harm     .   (no cloak)
rCorr    .         Rampage  .   q - +0 pair of gloves
Will     .....                  m - +0 pair of boots
Stlth    +++.......             (no amulet)
HPRegen  0.10/turn              (no ring)
MPRegen  0.11/turn              (no ring)

@: no status effects
A: distributed training, fangs 1, strong nose
a: no special abilities


You were on level 2 of the Dungeon.
You visited 1 branch of the dungeon, and saw 2 of its levels.

You collected 51 gold pieces.

Inventory:

Hand Weapons
 a - a +2 dagger
 f - a +0 hand axe
 i - a +0 whip of draining (weapon)
Missiles
 c - 68 stones (quivered)
Armour
 e - a +0 robe (worn)
 m - a +0 pair of boots (worn)
 q - a +0 pair of gloves (worn)
Jewellery
 k - an uncursed ring of stealth {unknown}
 o - a cursed amulet of guardian spirit {unknown}
Scrolls
 d - 2 scrolls of identify {unknown}
 g - a scroll of fear {unknown}
 h - 4 scrolls of remove curse {unknown}
 l - a scroll of teleportation {unknown}
 r - a scroll of enchant armour {unknown}
Potions
 b - a potion of haste
 j - a potion of curing {unknown}
 n - a potion of flight {unknown}
 p - a potion of mutation {unknown}
 s - a potion of degeneration {unknown}


   Skills:
 + Level 4.5 Fighting
 + Level 0.8 Short Blades
 + Level 0.8 Long Blades
 + Level 0.8 Axes
 + Level 0.8 Maces & Flails
 + Level 0.8 Polearms
 + Level 0.8 Staves
 + Level 0.8 Slings
 + Level 2.6 Bows
 + Level 0.8 Crossbows
 + Level 0.8 Throwing
 + Level 0.8 Armour
 + Level 0.8 Dodging
 + Level 4.1 Stealth
 + Level 0.8 Shields
 + Level 0.8 Unarmed Combat
 + Level 5.0 Spellcasting
 + Level 0.5 Conjurations
 + Level 0.5 Hexes
 + Level 0.5 Summonings
 + Level 0.5 Necromancy
 + Level 0.5 Translocations
 + Level 0.5 Transmutations
 + Level 0.5 Fire Magic
 + Level 2.1 Ice Magic
 + Level 0.5 Air Magic
 + Level 3.7 Earth Magic
 + Level 0.5 Poison Magic
 + Level 1.0 Invocations
 + Level 0.8 Evocations


You had 10 spell levels left.
You knew the following spells:

 Your Spells              Type           Power        Failure   Level
a - Sandblast             Erth           24%          4%          1
b - Magic Dart            Conj           16%          16%         1

Your spell library contained the following spells:

 Spells                   Type           Power        Failure   Level
 Stone Arrow              Conj/Erth      16%          24%         3
 Conjure Flame            Conj/Fire      4%           43%         3


Dungeon Overview and Level Annotations

Branches:
Dungeon (2/15)

Altars:
Qazlal

Annotations:
D:2 Robin


Innate Abilities, Weirdness & Mutations

Your experience applies equally to all skills.
You have very sharp teeth.
Your uncanny sense of smell can sniff out nearby items.


Message History

The goblin barely misses you.
The rat twitches its whiskers.
The rat barely misses you. Robin throws the goblin at you!
The goblin hits you with a +0 dagger.
You closely miss the goblin. The hobgoblin hits you!
The goblin hits you with a +0 dagger.
* * * LOW HITPOINT WARNING * * *
The goblin misses you. The rat closely misses you.
Unknown command.
Casting: Sandblast (safe; 4% risk of failure)
Confirm with . or Enter, or press ? or * to list all spells.
Aiming: Sandblast (safe; 4% risk of failure)
Press: ? - help, Shift-Dir - straight line, f - goblin
Aim: a goblin, wielding a +0 dagger and quivering 19 stones (strong, 26% to evade)
The blast of sand misses the goblin.
c - 68 stones The hobgoblin hits you!
* * * LOW HITPOINT WARNING * * *
The goblin hits you with a +0 dagger.
You die...

#.# #.##.........#
#.# #.##.......[.#
#.#### #.)#.........g
#....# #.†#....######
####'########..#g.w.#
#÷...........ggBg?###
#...#########Sggg...#
#......# #gr####.#
#......# #g@# ...
#......# ##g# #.#
###).....# #>. .#
......#### #### #
....### ...÷# ....#
....# ....#


You could see a worm, Robin, an adder, a giant cockroach, 2 hobgoblins, 6
goblins and a rat.

Vanquished Creatures
  An adder (D:2)
  A dart slug (D:1)
  A leopard gecko (D:2)
  A ball python (D:1)
  2 giant cockroaches
  3 goblins (D:1)
  3 hobgoblins (D:1)
  3 jackals (D:1)
  6 bats
  5 kobolds
  3 rats
29 creatures vanquished.

Notes
Turn   | Place    | Note
-------+----------+-------------------------------------------
     0 | D:1      | DearestLeader the Gnoll Wanderer began the quest for the
                  | Orb.
     0 | D:1      | DearestLeader set off with the following items: a +2
                  | dagger, a potion of haste, a +0 robe; and the following
                  | spells available to memorise: Sandblast, Magic Dart, Stone
                  | Arrow, Conjure Flame
     0 | D:1      | Reached XP level 1. HP: 20/20 MP: 6/6
    93 | D:1      | HP: 1/20 [kobold (2)]
   109 | D:1      | HP: 1/20 [kobold (1)]
   519 | D:1      | Learned a level 1 spell: Sandblast
   540 | D:1      | Reached XP level 2. HP: 26/26 MP: 5/7
  1118 | D:1      | Learned a level 1 spell: Magic Dart
  1330 | D:1      | Reached XP level 3. HP: 26/31 MP: 9/9
  1621 | D:2      | Reached skill level 5 in Spellcasting
  1723 | D:2      | Found a stormy altar of Qazlal.
  1800 | D:2      | Reached skill level 1 in Invocations
  2036 | D:2      | Noticed Robin
  2051 | D:2      | Slain by a goblin

Illustrated notes

Levels and vault maps discovered:
D:1:      sevenhm_arrival_forest_fort_large_2, layout_loops_cross,
          minmay_heptomino_w4
D:2:      layout_basic, marbit_many_paths, minmay_fountain_box, uniq_robin

Skill      XL: |  1  2  3 |
---------------+----------+-----
Ice Magic      | 2 |  2.1
Spellcasting   | 5 |  5.0
Invocations    | 1 |  1.0
Fighting       | |  4.5
Short Blades   | |  0.8
Long Blades    | |  0.8
Axes           | |  0.8
Maces & Flails | |  0.8
Polearms       | |  0.8
Staves         | |  0.8
Slings         | |  0.8
Bows           | |  2.6
Crossbows      | |  0.8
Throwing       | |  0.8
Armour         | |  0.8
Dodging        | |  0.8
Stealth        | |  4.1
Shields        | |  0.8
Unarmed Combat | |  0.8
Conjurations   | |  0.5
Hexes          | |  0.5
Summonings     | |  0.5
Necromancy     | |  0.5
Translocations | |  0.5
Transmutations | |  0.5
Fire Magic     | |  0.5
Air Magic      | |  0.5
Earth Magic    | |  3.7
Poison Magic   | |  0.5
Evocations     | |  0.8

Action                   || total
-------------------------++-------
Melee: Dagger            ||    31
       Bite              ||     6
       Whip              ||    50
       Hand axe          ||    10
 Cast: Sandblast         ||     9
       Magic Dart        ||     4
 Stab: Sleeping          ||     6
Armor: Robe              ||    33
Dodge: Dodged            ||    79
